 Dungeon Crawl Stone Soup version 0.20-a0-1122-gb7cbeb9 (webtiles) character file.

46 Kurtz the Cudgeler (level 3, -3/29 HPs)
             Began as a Mummy Abyssal Knight on May 13, 2017.
             Was a Believer of Lugonu.
             Slain by a goblin
             ... wielding a +0 club
             ... led by Robin
              (5 damage)
             ... on level 1 of the Dungeon.
             The game lasted 00:01:20 (1572 turns).

Kurtz the Cudgeler (Mummy Abyssal Knight)           Turns: 1572, Time: 00:01:21

Health: -3/29      AC:  5    Str: 15    XL:     3   Next: 46%
Magic:  2/4        EV: 10    Int: 11    God:    Lugonu [**....]
Gold:   18         SH:  0    Dex: 12    Spells: 2/2 levels left

rFire    x . .     SeeInvis .   a - +1 mace
rCold    + . .     Gourm    .   (no shield)
rNeg     + + +     Faith    .   e - +0 ring mail
rPois    ∞         Spirit   .   (no helmet)
rElec    .         Reflect  .   (no cloak)
rCorr    .         Harm     .   (no gloves)
MR       .....                  (no boots)
Stlth    +.........             (no amulet)
Regen    0.1/turn               (no ring)
MPRegen  0.1/turn               (no ring)

@: no status effects
A: no food or potions, fire vulnerability, cold resistance 1, negative energy
resistance 3, torment resistance, unbreathing
a: Depart the Abyss, Bend Space, Renounce Religion


You were on level 1 of the Dungeon.
You worshipped Lugonu.
Lugonu was pleased with you.
You were not hungry.

You visited 1 branch of the dungeon, and saw 2 of its levels.
You visited the Abyss 1 time.

You collected 18 gold pieces.

Inventory:

Hand Weapons
 a - a +1 mace (weapon)
Armour
 b - a +0 leather armour
 e - a +0 ring mail (worn)
Scrolls
 d - a scroll of identify {unknown}


   Skills:
 - Level 3.0 Fighting
 * Level 3.2 Maces & Flails
 - Level 1.5 Armour
 - Level 0.7 Dodging
 - Level 1.5 Invocations


You had 2 spell levels left.
You didn't know any spells.

Dungeon Overview and Level Annotations

Branches:
Dungeon (2/15)

Altars:

Annotations:
D:1 Robin


Innate Abilities, Weirdness & Mutations

You do not eat or drink.
Your flesh is vulnerable to fire.
You are immune to poison.
Your flesh is cold resistant. (rC+)
You are immune to negative energy. (rN+++)
You are immune to unholy pain and torment.
You can survive without breathing.


Message History

The goblin completely misses you.
Unknown command.
The goblin hits you but does no damage. Robin throws the goblin at you!
You barely miss the goblin. The goblin barely misses you.
The goblin closely misses you. The goblin hits you with a dagger.
* * * LOW HITPOINT WARNING * * *
The goblin misses you.
Unknown command.
The goblin closely misses you. The goblin hits you with a club.
* * * LOW HITPOINT WARNING * * *
Robin throws the goblin at you! The goblin completely misses you.
The goblin closely misses you. The goblin hits you but does no damage.
Unknown command.
Okay, then.
Space bends around you!
You blink.
As you read the scroll labeled WAESHOWNITH, it crumbles to dust.
It is a scroll of amnesia.
You feel forgetful for a moment. The goblin hits you with a club.
You die...

.........)).(..(# #.#
#.##...########.# #.#
##### .......#
#####'###.#########....
#.#....#
#.........#.......#.###
#....#.#
#.........#.......'....
#......#
#.........#.......##.#.
##.#...#
#.........#.......##.#.
#.#...#
#.........#######.##...
#.##..####.....@...#
#.#####
#!.......#.....ggg.#
#......
#########.#.....g...#
#######
........#.#######...#
##...##.#.# ##g.#
.'...'..#.# #..#
.#...#..#.###### #..#
.#####..#.##...# #..#
.#.....(#.##...####.#


You could see Robin and 4 goblins.

Vanquished Creatures
  An adder (D:1)
  A dart slug (D:1)
  A leopard gecko (D:1)
  2 giant cockroaches (D:1)
  8 goblins (D:1)
  3 hobgoblins (D:1)
  A ball python (D:1)
  3 bats (D:1)
  A frilled lizard (D:1)
  8 kobolds (D:1)
  2 rats (D:1)
31 creatures vanquished.

Notes
Turn   | Place    | Note
-------+----------+-------------------------------------------
     0 | Abyss:1  | Kurtz the Mummy Abyssal Knight began the quest for the Orb.
     0 | Abyss:1  | Reached XP level 1. HP: 18/18 MP: 2/2
    11 | Abyss:1  | Noticed a ynoxinul
    36 | D:1      | Escaped the Abyss
   193 | D:1      | Reached XP level 2. HP: 17/24 MP: 3/3
   532 | D:1      | Reached ** piety under Lugonu
  1036 | D:1      | Reached XP level 3. HP: 29/29 MP: 4/4
  1204 | D:2      | Noticed Robin
  1572 | D:1      | Slain by a goblin

Vault maps used:
D:1:      sevenhm_arrival_forest_fort_small_3
D:2:      first_bread, uniq_sigmund, uniq_robin

Skill      XL: |  1  2  3 |
---------------+----------+-----
Maces & Flails | 2 3 |  3.2
Fighting       | |  3.0
Armour         | |  1.5
Dodging        | |  0.7
Invocations    | |  1.5

Action                   || total
-------------------------++-------
Melee: Mace              ||    93
Invok: Bend Space        ||     3
  Use: Scroll            ||     1
Armor: Leather armour    ||    23
       Ring mail         ||    17
Dodge: Dodged            ||    88
